 Dungeon Crawl Stone Soup version 0.31-a0-801-gc67433417a (webtiles) character file.

Game seed: 11983126103633993189

70 Essalna the Conjurer (level 4, 30/30 HPs)
             Began as a Demonspawn Conjurer on Sept 20, 2023.
             Got out of the dungeon alive.
             The game lasted 00:03:40 (1827 turns).

Essalna the Conjurer (Demonspawn Conjurer)          Turns: 1827, Time: 00:03:41

Health: 30/30      AC:  7    Str:  7    XL:     4   Next: 3%
Magic:  8/8        EV: 12    Int: 21    God:
Gold:   93         SH:  5    Dex: 12    Spells: 6/9 levels left

rFire   . . .        d - +0 dagger
rCold   . . .        (no shield)
rNeg    . . .        a - +0 robe
rPois   .            (no helmet)
rElec   .            (no cloak)
rCorr   .            (no gloves)
SInv    +            f - +2 pair of boots
Will    .....        h - amulet of reflection
Stlth   ++           g - ring of see invisible
HPRegen 0.25/turn    (no ring)
MPRegen 0.11/turn

%: reflection
@: no status effects
A: hooves 1, thin metallic scales 1
a: no special abilities


You escaped.
You visited 1 branch of the dungeon, and saw 4 of its levels.

You collected 93 gold pieces.

Inventory:

Hand Weapons
 d - a +0 dagger (weapon)
Missiles
 e - 2 throwing nets
Armour
 a - a +0 robe (worn)
 f - a +2 pair of boots (worn)
Jewellery
 g - a ring of see invisible (left hand)
 h - an amulet of reflection (around neck)
Wands
 p - a wand of flame (19)
Scrolls
 c - a scroll of amnesia {unknown}
 i - 3 scrolls of enchant weapon {unknown}
 j - 2 scrolls of torment {unknown}
 n - a scroll of poison {unknown}
Potions
 b - a potion of magic
 k - a potion of attraction {unknown}
 l - a potion of degeneration {unknown}
 m - a potion of mutation {unknown}
 o - a potion of curing {unknown}


   Skills:
 - Level 1.7 Dodging
 - Level 1.7 Stealth
 + Level 3.1 Spellcasting
 + Level 4.8 Conjurations


You had 6 spell levels left.
You knew the following spells:

 Your Spells              Type           Power      Damage    Failure   Level
a - Magic Dart            Conj           92%        1d7       1%          1
b - Searing Ray           Conj           46%        2d6       2%          2

Your spell library contained the following spells:

 Spells                   Type           Power      Damage    Failure   Level
 Apportation              Tloc           6%         N/A       13%         1
 Dazzling Flash           Conj/Hex       26%        N/A       14%         3
 Cigotuvi's Dreadful Rot  Necr/Pois/Air  6%         N/A       21%         2
 Jinxbite                 Hex            6%         N/A       21%         2
 Fulminant Prism          Conj/Hex       6%         3d7       43%         4
 Iskenderun's Mystic Bla  Conj/Tloc      13%        2d5       43%         4
 Dispel Undead            Necr           3%         3d7       78%         4
 Agony                    Necr           3%         N/A       98%         5
 Alistair's Intoxication  Tmut/Pois      2%         N/A       98%         5
 Silence                  Hex/Air        1%         N/A       98%         5
 Death Channel            Necr           1%         N/A       100%        6
 Haunt                    Necr/Summ      1%         N/A       100%        7
 Borgnjor's Revivificati  Necr           1%         N/A       100%        8
 Death's Door             Necr           1%         N/A       100%        9


Dungeon Overview and Level Annotations

Branches:
Dungeon (4/15)
 Temple: D:4-7

Altars:
Makhleb


Innate Abilities, Weirdness & Mutations

You have large cloven feet.
You are partially covered in thin metallic scales. (AC +2)


Message History

The dart slug is severely wounded.
The magic dart hits the dart slug.
The dart slug is almost dead.
The dart slug launches a dart at you.
You block the slug dart... and reflect it back!
The slug dart hits the dart slug.
You kill the dart slug!
You can't see any susceptible monsters within range! (Use Z to cast anyway.)
p - a wand of flame (19)
You see here 6 stones.
You see here a +0 club.
You see here a +0 club.
Things that are here:
3 stones; a +0 dagger A goblin is nearby!
A goblin is nearby!
A goblin is nearby!
The magic dart hits the goblin.
The goblin is severely wounded.
The magic dart hits the goblin!
You kill the goblin!
You can't see any susceptible monsters within range! (Use Z to cast anyway.)
You can't see any susceptible monsters within range! (Use Z to cast anyway.)
A dart slug comes into view.
The magic dart hits the dart slug.
The dart slug is heavily wounded.
The magic dart hits the dart slug.
The dart slug is almost dead.
The magic dart hits the dart slug.
You kill the dart slug!
You have reached level 4!
You feel agile.
Your demonic ancestry asserts itself...
Your feet thicken and deform.
There is a stone staircase leading up here.
You climb upwards.
There is a stone staircase leading down here.
There is an open door here.
Magic restored.
There is a staircase leading out of the dungeon here.
You have escaped!

# #.## ##..# #..... #..#
##.# #..... ##'#
#.###..... ##.#
#.##...... ##..#
#.##...... ##...#
#......... ##....##
##..)......
##......#####...##.....
######
#.....@.....+...#######
†....# ##......######..#
†....#
##....##.###†..#######
.....#
##...#.###..#........
..####
##..#.###.######....
....# ##.#.....# #....
###.############+#..####
#..(.
#..........#.....##
#..†. ##....####...#...#
#....


There were no monsters in sight!

Vanquished Creatures
  2 worms (D:2)
  3 dart slugs
  3 orcs (D:3)
  2 ball pythons (D:1)
  2 endoplasms
  3 giant cockroaches
  A hobgoblin (D:1)
  6 jackals
  2 kobolds (D:2)
  2 quokkas (D:1)
  4 bats
  5 frilled lizards
  11 goblins
  3 rats
49 creatures vanquished.

Notes
Turn   | Place    | Note
-------+----------+-------------------------------------------
     0 | D:1      | Essalna the Demonspawn Conjurer began the quest for the
                  | Orb.
     0 | D:1      | Reached XP level 1. HP: 13/13 MP: 3/3
   175 | D:1      | Gained mutation: You are partially covered in thin metallic
                  | scales. (AC +2) [demonic ancestry]
   175 | D:1      | Reached XP level 2. HP: 19/19 MP: 0/5
   732 | D:1      | Reached XP level 3. HP: 24/24 MP: 0/7
  1090 | D:2      | You fall into a shaft and drop 2 floors!
  1099 | D:4      | Learned a level 2 spell: Searing Ray
  1444 | D:2      | Found a burning altar of Makhleb.
  1789 | D:2      | Gained mutation: You have large cloven feet. [demonic
                  | ancestry]
  1789 | D:2      | Reached XP level 4. HP: 30/30 MP: 4/8
  1827 | D:$      | Got out of the dungeon alive.

Illustrated notes

Levels and vault maps discovered:
D:1:      mrwooster_arrival_arrow, layout_rooms
D:2:      layout_loops_cross, basic_altar
D:3:      layout_rooms, grunt_decor_one_mirror, uniq_terence
D:4:      minmay_recursive_quarters, layout_rooms, nicolae_ru_awakened_eye

Skill      XL: |  1  2  3 |
---------------+----------+-----
Spellcasting   | 3 |  3.1
Dodging        | |  1.7
Stealth        | |  1.7
Conjurations   | |  4.8

Action                     |  1- 3 |  4- 6 || total
---------------------------+-------+-------++-------
  Melee: Unarmed           |     8 |       ||     8
         Dagger            |    45 |       ||    45
   Cast: Magic Dart        |    89 |       ||    89
         Searing Ray       |     1 |       ||     1
 Armour: Robe              |    36 |       ||    36
  Dodge: Dodged            |    53 |       ||    53
  Block: Other             |     4 |       ||     4
         Reflection        |     1 |       ||     1

Table legend: (Time is in decaauts)
 A = Elapsed time spent in this place.
 B = Non-inter-level travel time spent in this place.
 C = Inter-level travel time spent in this place.
 D = Time resting spent in this place.
 E = Time spent auto-exploring this place.
 F = Levels seen in this place.
 G = Mean time per level.
                   A        B        C        D        E       F      G
               +--------+--------+--------+--------+--------+-----+--------+
         Total |   1826 |   1774 |     52 |      0 |   1479 |   4 |  456.5 |
       Dungeon |   1826 |   1774 |     52 |      0 |   1479 |   4 |  456.5 |
               +--------+--------+--------+--------+--------+-----+--------+

Top non-repeatable levels by time:
     D:1: 916 daAuts
     D:2: 784 daAuts
     D:3: 117 daAuts
     D:4: 8 daAuts
